 Dungeon Crawl Stone Soup version 0.31.0-9-g3a7656b989 (webtiles) character file.

Game seed: 14206622768304017113

78 qw the Shooter (level 4, -3/27 HPs)
             Began as a Deep Elf Hunter on Feb 2, 2024.
             Killed by divine providence
             ... invoked by an orc priest
              (8 damage)
             ... on level 3 of the Dungeon.
             The game lasted 00:00:06 (1580 turns).

qw the Shooter (Deep Elf Hunter)                    Turns: 1580, Time: 00:00:06

Health: -3/27      AC:  7    Str: 10    XL:     4   Next: 15%
Magic:  6/6        EV: 11    Int: 14    God:
Gold:   149        SH:  0    Dex: 18    Spells: 3/3 levels left

rFire   . . .        a - +0 shortbow
rCold   . . .        (shield currently unavailable)
rNeg    . . .        f - +0 ring mail
rPois   .            (no helmet)
rElec   +            (no cloak)
rCorr   .            d - +0 pair of gloves
SInv    .            h - +0 pair of boots
Will    .....        (no amulet)
Stlth   +            (no ring)
HPRegen 0.24/turn    (no ring)
MPRegen 0.10/turn

%: no passive effects
@: no status effects
A: robust 1, electricity resistance
a: no special abilities


You were on level 3 of the Dungeon.
You visited 1 branch of the dungeon, and saw 3 of its levels.

You collected 149 gold pieces.


Innate Abilities, Weirdness & Mutations

You are robust. (+10% HP)
You are resistant to electric shocks. (rElec)


   Skills:
 - Level 1.5 Fighting
 + Level 7.6 Ranged Weapons
 - Level 2.4 Dodging
 - Level 1.2 Stealth


You had 3 spell levels left.
You didn't know any spells.
Your spell library was empty.

Inventory:

Hand Weapons
 a - a +0 shortbow (weapon)
Armour
 d - a +0 pair of gloves (worn)
 f - a +0 ring mail (worn)
 h - a +0 pair of boots (worn)
Wands
 c - a wand of iceblast (8)
Scrolls
 b - a scroll of enchant armour {unknown}
Potions
 e - a potion of mutation

Dungeon Overview and Level Annotations

Branches:
Dungeon (3/15)

Altars:


Message History

You shoot an arrow. The arrow hits the orc.
The orc is severely wounded.
The orc hits you but does no damage.
You shoot an arrow. The arrow closely misses the orc.
The orc hits you but does no damage.
You shoot an arrow. The arrow hits the orc!
You kill the orc!
You start resting.
An orc comes into view. It is wielding a +0 flail.
You shoot an arrow. The arrow closely misses the orc.
You shoot an arrow. The arrow hits the orc.
The orc is heavily wounded.
You shoot an arrow.
The arrow hits the orc but does no damage.
The orc is heavily wounded.
You shoot an arrow. The arrow hits the orc!
You kill the orc!
An orc comes into view. It is wielding a +0 club.
You shoot an arrow. The orc shouts!
The arrow hits the orc wizard but does no damage.
The orc wizard casts a spell at you.
You are confused.
The orc wizard casts a spell.
The orc wizard flickers and vanishes!
Deactivating autopickup; reactivate with Ctrl-A.
An orc priest comes into view. It is wielding a +0 dagger.
The orc priest shouts!
You feel less confused.
You hear some strange, mumbled words.
A puff of flame appears from out of thin air!
The puff of flame hits you! The orc barely misses you.
The orc priest mumbles some strange prayers to Beogh against you.
Beogh smites you!
Ouch! That really hurt!
You shoot an arrow. The arrow hits the orc!
You kill the orc!
The orc priest calls down the wrath of Beogh upon you.
Beogh smites you!
You die...

#...##.#.# #.#.##.#.#
######.#.##.#)##
................
##.....#.##.#.#.
##.#####.##.# # ###..
#.....#.#
.#..#...#####.........
......)@............#.
.........####.....###
..#.#{##.# #.....# ..
#) #.# #.....# . o #.#
#####.# .. #.# .# #.
#.# # .. ..# ###


You could see an orc priest.

Vanquished Creatures
  2 adders
  2 dart slugs
  A ribbon worm (D:2)
  3 orcs (D:3)
  4 endoplasms
  2 giant cockroaches
  4 goblins
  7 hobgoblins
  4 jackals (D:2)
  A quokka (D:2)
  7 ball pythons
  A bat (D:2)
  3 frilled lizards
  4 kobolds (D:2)
  5 rats
50 creatures vanquished.

Notes
Turn   | Place    | Note
-------+----------+-------------------------------------------
     0 | D:1      | qw the Deep Elf Hunter began the quest for the Orb.
     0 | D:1      | Reached XP level 1. HP: 12/12 MP: 3/3
     0 | D:1      | 0 ||| qw: Version: 0.3-a-155-g5e7d8dd
     0 | D:1      | 0 ||| qw: Game counter: 1441
     0 | D:1      | 0 ||| qw: Melee chars always use a shield: true
     0 | D:1      | 0 ||| qw: God list: Okawaru
     0 | D:1      | 0 ||| qw: Allow faded altars: false
     0 | D:1      | 0 ||| qw: Do Orc after clearing Dungeon:15 true
     0 | D:1      | 0 ||| qw: Do second Lair branch before Depths: true
     0 | D:1      | 0 ||| qw: Lair rune preference: random
     0 | D:1      | 0 ||| qw: Goals: Normal
     0 | D:1      | 0 ||| PLANNING D:1-11
   115 | D:1      | Reached XP level 2. HP: 16/16 MP: 4/4
   130 | D:1      | Reached skill level 6 in Ranged Weapons
   705 | D:1      | 705 ||| UPGRADING to +0 pair of gloves.
   710 | D:1      | 710 ||| UPGRADING to +0 ring mail.
   720 | D:1      | 720 ||| DROPPING +0 leather armour.
   721 | D:1      | 721 ||| UPGRADING to +0 pair of boots.
   726 | D:1      | 726 ||| READING scroll labelled ORAVUD IFA JEIRAO.
   727 | D:1      | 727 ||| DRINKING 2 fizzy clear potions.
   727 | D:1      | Gained mutation: You are robust. (+10% HP) [potion of
                  | mutation]
   727 | D:1      | Gained mutation: You are resistant to electric shocks.
                  | (rElec) [potion of mutation]
   732 | D:1      | 732 ||| DROPPING scroll of butterflies.
   761 | D:2      | 761 ||| STAIRDANCE
   766 | D:1      | Reached XP level 3. HP: 21/22 MP: 5/5
   841 | D:2      | Reached skill level 7 in Ranged Weapons
  1109 | D:2      | Reached XP level 4. HP: 27/27 MP: 6/6
  1408 | D:2      | 1408 ||| READING scroll labelled BEHARGHUPORAG.
  1579 | D:3      | HP: 5/27 [orc priest/divine providence (14)]
  1580 | D:3      | Killed from afar by an orc priest

Levels and vault maps discovered:
D:1:      ebering_hopf_link, layout_basic, minivault_23
D:2:      layout_loops_cross, minivault_4, minmay_between
D:3:      layout_basic, cheibrodos_worm_habitat

Skill      XL: |  1  2  3 |
---------------+----------+-----
Ranged Weapons | 6 7 |  7.6
Fighting       | |  1.5
Dodging        | |  2.4
Stealth        | |  1.2

Action                     |  1- 3 |  4- 6 || total
---------------------------+-------+-------++-------
   Fire: Shortbow          |   126 |    33 ||   159
    Use: Scroll            |     1 |     1 ||     2
         Potion            |     1 |       ||     1
 Armour: Leather armour    |     8 |       ||     8
         Ring mail         |    40 |    10 ||    50
  Dodge: Dodged            |    39 |     8 ||    47

Table legend:
 A = Non-vault XP
 B = Vault XP
 C = Vault XP percentage of total XP
 D = Non-vault monster count
 E = Vault monster count
 F = Vault count percentage of total count
                 A         B        C        D         E       F
            +---------+---------+-------+---------+---------+-------
      Total |     108 |       7 |   6.1 |      46 |       4 |   8.0
            +---------+---------+-------+---------+---------+-------
        D:1 |      48 |       0 |   0.0 |      21 |       0 |   0.0
        D:2 |      48 |       7 |  12.7 |      20 |       4 |  16.7
        D:3 |      12 |       0 |   0.0 |       5 |       0 |   0.0
            +---------+---------+-------+---------+---------+-------
